 Dungeon Crawl Stone Soup version 0.31-a0-521-gc7390f8997 (webtiles) character file.

Game seed: 14027675564333975056

1851319 MrSquiggles the Sorcerer (level 27, 172/172 (176) HPs)
             Began as a Tengu Fire Elementalist on Aug 2, 2023.
             Was the Champion of Sif Muna.
             Escaped with the Orb
             ... and 4 runes on Aug 11, 2023!
             The game lasted 06:21:48 (110383 turns).

MrSquiggles the Sorcerer (TeFE)                   Turns: 110383, Time: 06:21:49

HP:   172/172 (176) AC: 11    Str: 11 (12) XL:     27
MP:   60/60         EV: 23    Int: 34      God:    Sif Muna [******]
Gold: 6097          SH: 11    Dex: 14      Spells: 3/72 levels left

rFire   + + +        V - staff of air
rCold   + + .        t - +3 buckler {rC+ rF+}
rNeg    + . .        v - +2 robe {Archmagi}
rPois   +            w - +2 hat
rElec   +            r - +2 cloak {Will+}
rCorr   .            u - +0 pair of gloves "Lesumezy" {rC+ rN+ Int+4}
SInv    .            (boots unavailable)
Will    ++++.        L - amulet of magic regeneration
Stlth   +            q - ring "Doebeut" {Wiz rPois rF+++ Dex-2 Stlth-}
HPRegen 0.48/turn    k - ring "Heiw" {*Slow rPois Will+ MP+9 Str+3 Int+2}
MPRegen 0.77/turn

%: slow self (1%), wizardry (x1), archmagi
@: flying quickly and evasively, studying Dodging, lightly drained, quick
A: beak, talons 3, nimble flight, deterioration 1
0: Orb of Zot
}: 4/15 runes: barnacled, slimy, silver, gossamer
a: Renounce Religion, Channel Magic, Forget Spell, Divine Exegesis


You escaped.
You worshipped Sif Muna.
Sif Muna was exalted by your worship.
You visited 14 branches of the dungeon, and saw 58 of its levels.
You visited 1 bazaar.
You also visited: Trove, Ossuary, Bailey, Ice Cave, Wizlab and Desolation.

You collected 11478 gold pieces.
You spent 5381 gold pieces at shops.

Inventory:

Missiles
 I - 16 curare-tipped darts
 U - 11 throwing nets
Armour
 a - the +0 hat of the Wary Jumping Moons {rF++ Regen+}
   (You found it in a treasure trove)

   rF++:      It greatly protects you from fire.
   Regen+:    It increases your rate of health regeneration.
 c - the +1 pair of gloves "Fetuh" {Int+3}
   (You found it in a treasure trove)

   Int+3:     It affects your intelligence (+3).
 f - the +0 leather armour of Zedaxkack {rF+ Will+ Str-3 Int+2}
   (You found it in a treasure trove)

   Str-3:     It affects your strength (-3).
   Int+2:     It affects your intelligence (+2).
   rF+:       It protects you from fire.
   Will+:     It increases your willpower.
 r - a +2 cloak of willpower (worn)
 t - a +3 buckler of resistance (worn)
 u - the +0 pair of gloves "Lesumezy" (worn) {rC+ rN+ Int+4}
   (You found it in a treasure trove)

   Int+4:     It affects your intelligence (+4).
   rC+:       It protects you from cold.
   rN+:       It protects you from negative energy.
 v - a +2 robe of the Archmagi (worn)
 w - a +2 hat (worn)
 x - the +0 buckler of the Armadillo {Drain Will+ Str+2}
   (You found it in a treasure trove)

   Str+2:     It affects your strength (+2).
   Will+:     It increases your willpower.
   Drain:     It drains your maximum health when unequipped.
 y - the +3 leather armour of Busyth {Int+4 Dex+3}
   (You found it in a treasure trove)

   Int+4:     It affects your intelligence (+4).
   Dex+3:     It affects your dexterity (+3).
 Y - the +2 pair of gloves of Day {rC+}
   (You found it on level 4 of the Depths)

   rC+:       It protects you from cold.
Magical Staves
 V - a staff of air (weapon)
Jewellery
 k - the ring "Heiw" (right hand) {*Slow rPois Will+ MP+9 Str+3 Int+2}
   (You bought it in a shop on level 1 of the Vaults)

   [ring of magical power]

   Str+3:     It affects your strength (+3).
   Int+2:     It affects your intelligence (+2).
   rPois:     It protects you from poison Will+: It increases your willpower.
   MP+9:      It affects your magic capacity (+9).
   *Slow:     It may slow you when you take damage.
 q - the ring "Doebeut" (left hand) {Wiz rPois rF+++ Dex-2 Stlth-}
   (You bought it in a shop on level 1 of the Vaults)

   [ring of wizardry]

   Wiz:       It improves your spell success rate.
   Dex-2:     It affects your dexterity (-2).
   rF+++:     It renders you almost immune to fire.
   rPois:     It protects you from poison Stlth-: It makes you less stealthy.
 D - an amulet of regeneration
 L - an amulet of magic regeneration (around neck)
Wands
 K - a wand of digging (6)
 M - a wand of light (24)
 N - a wand of flame (166)
 Q - a wand of mindburst (36)
 S - a wand of paralysis (47)
 X - a wand of polymorph (15)
 Z - a wand of roots (36)
Scrolls
 e - 9 scrolls of fog
 g - 19 scrolls of teleportation
 j - 9 scrolls of poison
 l - a scroll of acquirement
 m - 13 scrolls of fear
 n - 2 scrolls of silence
 p - 2 scrolls of revelation
 G - 2 scrolls of blinking
 H - a scroll of enchant armour
 R - 3 scrolls of butterflies
Potions
 h - 19 potions of curing
 i - 4 potions of invisibility
 o - 5 potions of enlightenment
 s - 4 potions of haste
 z - 5 potions of heal wounds
 A - 5 potions of brilliance
 B - 8 potions of cancellation
 C - a potion of lignification
 F - 8 potions of resistance
 J - 9 potions of ambrosia
 T - 2 potions of magic
 W - 10 potions of might
Miscellaneous
 b - the horn of Geryon
 d - a box of beasts
 E - a lightning rod (4/4)
 O - a phial of floods
 P - a tin of tremorstones (2/2)


   Skills:
 * Level 22.5 Fighting
 - Level 9.0 Armour
 + Level 15.9 Dodging
 - Level 4.5 Stealth
 - Level 15.0 Shields
 + Level 23.2 Spellcasting
 - Level 22.0 Conjurations
 - Level 16.0 Summonings
 - Level 21.0 Necromancy
 - Level 15.0 Fire Magic
 - Level 22.0 Air Magic
 - Level 7.6 Poison Magic
 - Level 11.2 Invocations


You had 3 spell levels left.
You knew the following spells:

 Your Spells              Type           Power      Damage    Failure   Level
a - Foxfire               Conj/Fire      100%       2x1d9     0%          1
b - Plasma Beam           Fire/Air       76%        2x1d94    1%          6
c - Ignition              Fire           59%        3d16      4%          8
d - Swiftness             Air            100%       N/A       0%          3
e - Arcjolt               Conj/Air       81%        1d91      0%          5
f - Death's Door          Necr           67%        N/A       6%          9
g - Maxwell's Capacitive  Air            81%        ∞         1%          8
h - Borgnjor's Vile Clut  Necr/Erth      52%        N/A       1%          5
i - Borgnjor's Revivific  Necr           67%        N/A       1%          8
j - Chain Lightning       Conj/Air       81%        3d108     4%          9
m - Spellforged Servitor  Conj/Summ      64%        N/A       1%          7

Your spell library contained the following spells:

 Spells                   Type           Power      Damage    Failure   Level
 Kiss of Death            Conj/Necr      100%       2d13      0%          1
 Magic Dart               Conj           100%       1d8       0%          1
 Necrotise                Necr           100%       1d9       0%          1
 Shock                    Conj/Air       100%       1d9       0%          1
 Summon Small Mammal      Summ           100%       N/A       0%          1
 Call Imp                 Summ           100%       N/A       0%          2
 Cigotuvi's Dreadful Rot  Necr/Pois/Air  100%       N/A       0%          2
 Momentum Strike          Conj/Tloc      100%       3d10      0%          2
 Poisonous Vapours        Pois/Air       100%       N/A       0%          2
 Scorch                   Fire           100%       2d9       0%          2
 Searing Ray              Conj           100%       2d8       0%          2
 Static Discharge         Conj/Air       100%       2-7/arc   0%          2
 Sublimation of Blood     Necr           100%       N/A       0%          2
 Call Canine Familiar     Summ           100%       N/A       0%          3
 Mephitic Cloud           Conj/Pois/Air  100%       N/A       0%          3
 Vampiric Draining        Necr           100%       2d13      0%          3
 Apportation              Tloc           100%       N/A       1%          1
 Freeze                   Ice            100%       1d10      1%          1
 Sandblast                Erth           100%       2d20      1%          1
 Slow                     Hex            100%       N/A       1%          1
 Sting                    Tmut/Pois      100%       1d8       1%          1
 Blink                    Tloc           100%       N/A       1%          2
 Ensorcelled Hibernation  Hex/Ice        100%       N/A       1%          2
 Lesser Beckoning         Tloc           100%       N/A       1%          2
 Passwall                 Tmut/Erth      46%        N/A       1%          2
 Wereblood                Tmut           56%        N/A       1%          2
 Confusing Touch          Hex            56%        N/A       1%          3
 Dazzling Flash           Conj/Hex       100%       N/A       1%          3
 Frozen Ramparts          Ice            100%       1d16      1%          3
 Gell's Gravitas          Tloc           56%        N/A       1%          3
 Hailstorm                Conj/Ice       100%       3d20      1%          3
 Ignite Poison            Fire/Tmut/Pois 94%        N/A       1%          3
 Inner Flame              Hex/Fire       94%        N/A       1%          3
 Ozocubu's Armour         Ice            56%        N/A       1%          3
 Portal Projectile        Hex/Tloc       100%       N/A       1%          3
 Stone Arrow              Conj/Erth      100%       3d13      1%          3
 Summon Guardian Golem    Hex/Summ       96%        N/A       1%          3
 Teleport Other           Tloc           56%        N/A       1%          3
 Tukima's Dance           Hex            56%        N/A       1%          3
 Vhi's Electric Charge    Tloc/Air       100%       N/A       1%          3
 Volatile Blastmotes      Fire/Tloc      100%       2d18      1%          3
 Airstrike                Air            81%        2d(12-28) 0%          4
 Animate Dead             Necr           100%       N/A       0%          4
 Dispel Undead            Necr           100%       3d31      0%          4
 Flame Wave               Conj/Fire      100%       2d21      0%          4
 Sticky Flame             Conj/Fire      100%       2d11      0%          4
 Summon Lightning Spire   Summ/Air       100%       N/A       0%          4
 Agony                    Necr           100%       N/A       0%          5
 Fireball                 Conj/Fire      64%        3d24      0%          5
 Iskenderun's Battlesphe  Conj           100%       2d15      0%          5
 Conjure Ball Lightning   Conj/Air       81%        3x3d31    0%          6
 Death Channel            Necr           67%        N/A       0%          6
 Anguish                  Hex/Necr       52%        N/A       1%          4
 Animate Armour           Summ/Erth      100%       N/A       1%          4
 Fulminant Prism          Conj/Hex       53%        3d22      1%          4
 Iskenderun's Mystic Bla  Conj/Tloc      100%       2d19      1%          4
 Olgreb's Toxic Radiance  Pois           95%        N/A       1%          4
 Summon Ice Beast         Ice/Summ       96%        N/A       1%          4
 Alistair's Intoxication  Tmut/Pois      52%        N/A       1%          5
 Freezing Cloud           Conj/Ice/Air   71%        6-21      1%          5
 Irradiate                Conj/Tmut      53%        3d29      1%          5
 Silence                  Hex/Air        65%        N/A       1%          5
 Summon Forest            Summ/Tloc      48%        N/A       1%          5
 Summon Mana Viper        Hex/Summ       96%        N/A       1%          5
 Leda's Unmaking          Conj/Erth      53%        9d9       1%          6
 Simulacrum               Ice/Necr       52%        N/A       1%          6
 Starburst                Conj/Fire      64%        6d17      1%          6
 Summon Cactus Giant      Summ           61%        N/A       1%          6
 Haunt                    Necr/Summ      64%        N/A       1%          7
 Monstrous Menagerie      Summ           61%        N/A       1%          7
 Orb of Destruction       Conj           68%        9d16      1%          7
 Summon Hydra             Summ           61%        N/A       1%          7
 Infestation              Necr           67%        N/A       1%          8
 Cause Fear               Hex            28%        N/A       3%          4
 Leda's Liquefaction      Hex/Erth       28%        N/A       3%          4
 Manifold Assault         Tloc           56%        N/A       3%          4
 Passage of Golubria      Tloc           56%        N/A       3%          4
 Petrify                  Tmut/Erth      56%        N/A       3%          4
 Summon Horrible Things   Summ           61%        N/A       3%          8
 Lee's Rapid Deconstruct  Erth           28%        3d15*     9%          5
 Metabolic Englaciation   Hex/Ice        28%        N/A       9%          5
 Yara's Violent Unravell  Hex/Tmut       28%        3d12      9%          5
 Eringya's Noxious Bog    Tmut/Pois      39%        4d6       11%         6
 Malign Gateway           Summ/Tloc      48%        N/A       11%         7
 Fire Storm               Conj/Fire      64%        8d16      16%         9
 Lehudib's Crystal Spear  Conj/Erth      53%        10d13     24%         8
 Dragon's Call            Summ           61%        N/A       41%         9
 Dispersal                Tloc           28%        N/A       43%         6
 Enfeeble                 Hex            28%        N/A       93%         7
 Ozocubu's Refrigeration  Ice            28%        4d13      93%         7
 Discord                  Hex            28%        N/A       100%        8
 Disjunction              Tloc           28%        N/A       100%        8
 Polar Vortex             Ice            28%        12d3*     100%        9
 Shatter                  Erth           28%        3d23*     100%        9


Dungeon Overview and Level Annotations

Branches:
Dungeon (15/15)            Temple (1/1) D:4            Lair (5/5) D:10
 Shoals (4/4) Lair:3       Spider (4/4) Lair:3        Slime (5/5) Lair:4
    Orc (2/2) D:11            Elf (3/3) Orc:2        Vaults (5/5) D:14
  Crypt (3/3) Vaults:3       Tomb (0/3) Crypt:3      Depths (4/4) D:15
   Hell (visited)             Dis (0/7) Hell            Geh (1/7) Hell
    Coc (0/7) Hell            Tar (0/7) Hell            Zot (5/5) Depths:4
Ossuary (visited)          Bailey (visited)           IceCv (visited)
 WizLab (visited)         Desolation (visited)

Altars:
Ashenzari
Cheibriados
Dithmenos
Elyvilon
Fedhas
Gozag
Hepliaklqana
Kikubaaqudgha
Makhleb
Nemelex Xobeh
Okawaru
Qazlal
Ru
Sif Muna
Trog
Uskayaw
Vehumet
Wu Jian
Xom
Yredelemnul
Zin
The Shining One
Jiyva

Shops:
D:4 *   D:10 *   D:13 ([(:   Orc:2 ((=*   Shoals:2 [   Vaults:1 !=   Vaults:3 *
Vaults:5 :   Depths:1 (

Portals:
Hell: Depths:1 Depths:2 Depths:3 Depths:4
Abyss: Depths:2 Depths:3
Pandemonium: Depths:1 Depths:2
Ziggurat: Depths:4

Annotations:
D:13 2 transporters, bahustanut's ghost, journeyman DsSh
Lair:5 exclusion: obsidian statue
Spider:2 1 transporter, exclusion: orange crystal statue
Spider:4 2 transporters, Fogaerej's ghost, adept AtBe
Elf:2 6 runed translucent doors, Mayja's ghost, veteran DDBe
Vaults:3 Mennas
Crypt:1 1 runed door
Depths:2 exclusion: ice statue
Zot:5 1 exclusion


Innate Abilities, Weirdness & Mutations

You have a beak for a mouth.
You have claws for feet.
Your magical nature lets you fly swiftly and evasively.
Your body sometimes deteriorates upon taking damage.


Message History

Sif Muna accepts your kill.
Unknown command.
HP restored.
A rakshasa and an adder come into view.
The rakshasa is wielding a +2 whip of freezing.
You feel a strong surge of power!
The bolt of lightning hits the rakshasa!!
The rakshasa is moderately wounded.
The bolt of lightning hits the adder!!!
You kill the adder!
Sif Muna accepts your kill.
The fiery plasma hits the rakshasa!!!!
You kill the rakshasa!
Sif Muna accepts your kill.
Unknown command.
Magic restored.
There is a stone staircase leading up here.
You fly upwards.
There is a stone staircase leading down here.
Unknown command.
There is a stone staircase leading up here.
You fly upwards.
There is a stone staircase leading down here.
Unknown command.
Okay, then.
An ice devil comes into view.
You feel a strong surge of power!
The bolt of lightning misses the ice devil.
The fiery plasma hits the ice devil!!!!
The ice devil is burned terribly!
You kill the ice devil!
Sif Muna accepts your kill.
You feel your dexterity returning.
Unknown command.
Magic restored.
Your enlightenment fades.
There is an open door here.
There is an open door here.
There is a staircase leading out of the dungeon here.
Unknown command.
You have escaped!

.# ##.....############### .#
##..###...............###
.########..## ########..#####....
..........## ######♣♣...# #####
.....###### #....#♣....♣ .....#
###....#♣....♣ .....#
♣~##...#♣....♣ >....#
♣♣~~#'#.#..#''# ....>#
♣~~~#@#.#..#..# .....#
♣~~~###'#..#..# .....#
#♣~~~......♣#..# ##
.##########~~~~~.....♣#'## #.
.........##~8~~~.######..# #.
.....[...##~~~8~##<.'....# #.
.........##~~~~~#...############.
.........##♣~~~.#...#♣♣♣♣ #......
.........# ♣~~~.##.##♣..# #.#####


There were no monsters in sight!

Vanquished Creatures
  the Royal Jelly (Slime:5)
  4 dread liches
  A pandemonium lord (D:11)
  Tiamat (Zot:3)
  4 ancient liches
  6 orbs of fire (Zot:5)
  Khufu (Crypt:2)
  2 juggernauts (Depths:4)
  A royal mummy (Crypt:2)
  Vv (Crypt:3)
  Parghit (Zot:1)
  Margery (Vaults:5)
  7 Killer Klowns
  A curse toe (Zot:5)
  4 caustic shrikes (Depths:4)
  Geryon (Hell)
  13 golden dragons
  Arachne (Spider:3)
  A Brimstone Fiend (D:9)
  4 electric golems
  3 hellephants (Depths:2)
  11 tentacled monstrosities
  Zenata (Vaults:1)
  2 shard shrike zombies
  Rupert (D:14)
  23 Orb Guardians
  4 quicksilver dragons
  2 walking earthen tomes (Depths:4)
  5 titans (Vaults:5)
  An Ice Fiend (D:3)
  A walking frostbound tome (Depths:4)
  4 liches
  Mlioglotl (Spider:3)
  6 acid blobs
  2 deep elf blademasters (Elf:3)
  2 deep elf master archers (Elf:3)
  3 searing wretches (Hell)
  4 ancient champions (Hell)
  A kraken (Shoals:3)
  9 death cobs
  4 sphinxes
  17 storm dragons
  6 tengu reavers
  6 draconian monks
  4 draconian knights
  13 rockslimes
  6 azure jellies
  A demonspawn warmonger (Zot:1)
  2 revenants
  7 shadow dragons
  4 fire giants
  4 deep elf sorcerers
  6 frost giants
  8 emperor scorpions
  3 deep elf elementalists (Elf:3)
  5 iron dragons
  2 curse skulls
  A balrug (Geh:1)
  19 vault wardens
  2 imperial myrmidons (Desolation)
  Louise (Elf:3)
  2 ghouls
  5 draconian scorchers
  8 very ugly things
  2 spriggan defenders (Depths:4)
  4 draconian stormcallers
  6 draconian shifters
  A quicksilver ooze (shapeshifter) (Vaults:5)
  8 ghost moths
  4 orc warlords
  8 quicksilver oozes
  A broodmother (Spider:3)
  8 stone giants
  6 ironbound thunderhulks
  4 formless jellyfish
  21 ironbound preservers
  6 draconian annihilators
  7 reapers
  8 green draconians
  5 vampire knights
  6 war gargoyles
  13 deep elf demonologists
  Nessos (D:15)
  12 purple draconians
  A demonspawn black sun (Zot:5)
  A lorocyproca (Hell)
  14 dire elephants
  7 white draconians
  12 deep elf annihilators
  9 black draconians
  9 yellow draconians
  13 red draconians
  A dire elephant (shapeshifter) (Vaults:5)
  A halazid warlock (Desolation)
  9 spark wasps
  2 eidola
  11 deep elf death magi
  Snorg (Orc:2)
  2 blizzard demons
  7 merfolk javelineers
  An ettin (shapeshifter) (Vaults:5)
  8 ettins
  Josephine (Orc:2)
  5 fire dragons
  8 statues (WizLab)
  2 jiangshi (Depths:1)
  5 entropy weavers
  8 merfolk impalers
  9 great orbs of eyes
  14 yaktaur captains
  The ghost of LeprechaunX the Mimic, a journeyman OpSh of Hepliaklqana (D:12)
  3 deep elf high priests
  4 rakshasas
  7 ragged hierophants (Desolation)
  5 servants of whispers (Desolation)
  A jorogumo (Spider:2)
  2 caustic shrike simulacra (IceCv)
  37 vault guards
  Harold (Lair:2)
  5 ice dragons
  A hell beast (Elf:1)
  6 hydras
  7 ironbound frosthearts
  4 merfolk aquamancers
  Erica (D:8)
  8 ogre magi
  9 centaur warriors
  A salamander tyrant (Geh:1)
  A death knight (Crypt:2)
  A merfolk avatar (Shoals:4)
  4 radroaches
  9 boulder beetles
  An alligator snapping turtle (Shoals:2)
  11 dancing weapons
  7 peacekeepers (Desolation)
  A stoker (Hell)
  27 two-headed ogres
  3 catoblepae
  2 satyrs
  3 death yaks (Lair:5)
  6 deep troll shamans
  A death scarab (Spider:2)
  3 deep troll earth magi
  2 tengu warriors (Depths:3)
  4 vampire magi
  10 hell hogs
  14 demonic crawlers
  An orc high priest (Elf:2)
  14 deep elf knights
  2 spriggan berserkers
  2 spriggans (Depths:4)
  Sonja (Lair:3)
  9 soul eaters
  12 hell knights
  2 shadow wraiths
  5 sun demons
  2 spectral death yaks (Lair:5)
  3 iron trolls (Depths:1)
  6 skysharks
  Lodul (D:14)
  10 skeletal warriors
  8 pharaoh ants
  A sun moth (Spider:4)
  A fire crab (Lair:4)
  A spectral anaconda (Lair:5)
  64 deep trolls
  9 sea snakes
  12 deep elf archers
  A kraken simulacrum (Shoals:4)
  A tengu zombie (Crypt:3)
  An anaconda skeleton (Crypt:3)
  5 orb spiders
  8 flayed ghosts
  A bog body (IceCv)
  11 harpies
  9 lindwurms (Vaults:1)
  A glowing orange brain (Depths:3)
  4 steelbarb worms
  17 wizards
  8 necromancers
  22 phantasmal warriors
  2 obsidian statues (IceCv)
  13 orc knights
  26 deep elf zephyrmancers
  23 ironbound convokers
  29 deep elf pyromancers
  14 fauns
  24 manticores
  13 wolf spiders
  6 cyclopes
  6 orc sorcerers
  17 ugly things
  A shining eye (Slime:2)
  A stone giant skeleton (Crypt:3)
  19 vault sentinels
  24 moths of wrath
  A manticore (shapeshifter) (Depths:2)
  Maurice (D:9)
  8 elephants
  2 black mambas (Lair:2)
  3 ice statues
  9 merfolk sirens
  9 rust devils (Hell)
  Joseph (D:7)
  6 guardian serpents (Desolation)
  A naga mage (D:15)
  4 fire giant skeletons (Crypt:3)
  5 torpor snails
  7 water nymphs
  A dire elephant skeleton (Crypt:2)
  3 centaur skeletons (D:15)
  An eye of devastation (shapeshifter) (Depths:1)
  4 gargoyles
  2 rime drakes (Lair:2)
  3 unseen horrors
  A hellion (Hell)
  A red draconian zombie (Crypt:1)
  A white draconian zombie (Crypt:1)
  10 cane toads
  15 freezing wraiths
  A kobold demonologist (D:12)
  13 tengu conjurers (WizLab)
  8 komodo dragons
  31 yaktaurs
  2 efreet
  4 golden dragon simulacra (IceCv)
  3 ice devils
  23 merfolk
  2 hydra zombies (Hell)
  8 trolls
  6 meliai
  A harpy zombie (Crypt:3)
  2 red devils (Hell)
  A polar bear (shapeshifter) (Elf:1)
  20 tarantellas
  9 hornets
  2 human skeletons
  A tengu simulacrum (Vaults:4)
  Grinder (D:6)
  Prince Ribbit (D:8)
  4 wind drakes
  16 blink frogs
  4 hydra skeletons (Hell)
  An alligator zombie (Hell)
  18 dream sheep
  A guardian serpent zombie (Crypt:2)
  11 snapping turtles
  49 saltlings (Desolation)
  An ettin zombie (Vaults:1)
  61 slime creatures
  4 air elementals
  38 jumping spiders
  3 fire dragon skeletons (Crypt:3)
  3 ynoxinuls
  21 culicivoras
  A centaur simulacrum (D:15)
  16 wraiths
  34 water elementals
  4 shadows
  49 yaks
  7 vampires
  4 wyverns
  An elf zombie (Vaults:4)
  4 fire elementals
  A minotaur simulacrum (IceCv)
  18 humans (D:14)
  7 golden eyes
  A neqoxec (Depths:4)
  4 basilisks
  An ettin skeleton (Crypt:3)
  51 redbacks
  11 vampire mosquitoes
  A sea snake simulacrum (Hell)
  6 large abominations
  2 wargs (Orc:2)
  A steam dragon (D:10)
  A yaktaur simulacrum (Vaults:1)
  An acid dragon (D:13)
  A glowing shapeshifter zombie (Vaults:4)
  4 hydra simulacra
  Duvessa (D:7)
  3 hell hounds (Elf:1)
  A fire bat skeleton (Crypt:1)
  12 water moccasins
  A glowing shapeshifter skeleton (Crypt:2)
  An elephant zombie (Lair:5)
  A sky beast (D:7)
  2 ice beasts
  A black bear (D:6)
  A human zombie (Vaults:1)
  42 orc warriors
  33 ogres
  3 ettin simulacra (IceCv)
  An elephant skeleton (Lair:5)
  12 wolves
  3 centaurs
  A boggart (Elf:1)
  A phantom (D:7)
  19 bullfrogs
  4 kobold brigands
  2 necrophages (Crypt:1)
  3 earth elementals
  A gnoll sergeant (D:7)
  3 scorpions
  A deep troll simulacrum (IceCv)
  7 small abominations (Depths:1)
  A cane toad simulacrum (Lair:5)
  3 wights (D:8)
  Dowan (D:7)
  A spriggan zombie (Crypt:2)
  2 elephant simulacra (Lair:5)
  6 killer bees (D:9)
  A yak skeleton (Crypt:1)
  3 howler monkeys
  10 electric eels
  A hound (shapeshifter) (Vaults:5)
  2 hounds (D:5)
  7 jellies
  2 gnoll boudas
  18 orc priests
  A sleepcap (D:5)
  4 iguanas
  21 orc wizards
  A hell rat (Elf:1)
  A mummy (Ossuary)
  19 gnolls
  11 adders
  A shadow imp (D:5)
  A white imp (D:8)
  An ufetubus (D:7)
  An iguana zombie (Crypt:1)
  A worm (D:2)
  5 dart slugs
  118 orcs
  5 spectral bats (Ossuary)
  7 ball pythons
  7 bats
  6 endoplasms
  8 giant cockroaches
  12 gnoll zombies (Ossuary)
  20 goblins
  13 hobgoblins
  2 jackals (D:4)
  4 quokkas
  3 bat simulacra (Ossuary)
  5 frilled lizards
  A giant cockroach zombie (Crypt:2)
  4 goblin simulacra (Ossuary)
  6 goblin zombies (Ossuary)
  5 hobgoblin zombies (Ossuary)
  23 kobolds
  A kobold simulacrum (Ossuary)
  A kobold zombie (Ossuary)
  An orc skeleton (Crypt:2)
  6 orc zombies (Ossuary)
  4 rats
  4 rat simulacra (Ossuary)
  4 spectral goblins (Ossuary)
  A spectral kobold (Ossuary)
  6 spectral rats (Ossuary)
  A creeping inferno (Geh:1)
  A foxfire (Vaults:1)
  4 tentacles
2529 creatures vanquished.

Vanquished Creatures (collateral kills)
  Mara (Vaults:5)
  Frederick (Depths:3)
  A Killer Klown (Zot:2)
  A caustic shrike (Depths:4)
  3 golden dragons
  A tentacled monstrosity (Zot:5)
  4 Orb Guardians (Zot:5)
  A lich (Crypt:3)
  A quicksilver dragon (Zot:5)
  3 acid blobs
  2 sphinxes
  An ancient champion (Hell)
  A storm dragon (Zot:3)
  A draconian monk (Zot:3)
  2 tengu reavers
  2 rockslimes
  3 shadow dragons
  3 fire giants
  2 daevas (Depths:3)
  3 frost giants
  2 azure jellies
  A draconian knight (Zot:3)
  4 vault wardens
  2 draconian scorchers
  A draconian shifter (Zot:3)
  4 ironbound preservers
  A war gargoyle (Crypt:3)
  2 quicksilver oozes
  2 very ugly things (Depths:3)
  2 formless jellyfish
  A black draconian (Zot:1)
  A draconian annihilator (WizLab)
  3 green draconians
  5 stone giants
  2 vampire knights
  A deep elf demonologist (Vaults:5)
  2 dire elephants
  10 purple draconians
  3 white draconians (Zot:3)
  2 yellow draconians
  2 spark wasps
  7 ettins
  A blizzard demon (Depths:2)
  A deep elf death mage (Vaults:5)
  3 fire dragons
  A statue (WizLab)
  2 jiangshi (Crypt:3)
  2 yaktaur captains
  A deep elf high priest (Vaults:5)
  2 great orbs of eyes
  3 ragged hierophants (Desolation)
  5 servants of whispers (Desolation)
  3 peacekeepers (Desolation)
  A vault guard (Vaults:5)
  5 ice dragons
  A spriggan air mage (Depths:4)
  A salamander tyrant (Geh:1)
  A rakshasa (Depths:1)
  2 ogre magi (Vaults:5)
  An anaconda (shapeshifter) (Vaults:5)
  A tengu warrior (Depths:1)
  2 deep troll shamans
  2 deep troll earth magi
  A hell hog (Geh:1)
  A vampire mage (Depths:1)
  7 hell knights
  2 soul eaters
  A skyshark (Lair:3)
  2 skeletal warriors
  A shadow wraith (Hell)
  A sixfirhy (D:10)
  3 iron trolls
  8 deep trolls
  A necromancer (Depths:1)
  2 glowing orange brains
  4 wizards
  3 ironbound convokers (Desolation)
  A phantasmal warrior (Crypt:2)
  2 orc knights (Vaults:5)
  2 ugly things (Depths:1)
  6 moths of wrath
  A shining eye (Slime:3)
  7 vault sentinels
  2 guardian serpents (Desolation)
  A naga zombie (Crypt:3)
  A molten gargoyle (Desolation)
  A dire elephant zombie (Lair:5)
  6 fire giant skeletons (Crypt:3)
  A gargoyle (Crypt:3)
  2 cane toads
  4 yaktaurs
  3 freezing wraiths
  A rime drake (Lair:2)
  A hellion (Geh:1)
  A white draconian skeleton (Crypt:1)
  3 tengu conjurers (WizLab)
  A troll (D:11)
  A hornet (Vaults:5)
  27 saltlings (Desolation)
  2 dream sheep (Lair:5)
  11 slime creatures
  A shadow (Crypt:3)
  10 water elementals
  A wraith (Crypt:3)
  A vampire (Crypt:3)
  3 fire dragon skeletons (Crypt:3)
  3 golden eyes
  A spectral cane toad (Lair:5)
  A demonspawn skeleton (Crypt:1)
  A floating eye (Depths:4)
  A water moccasin (Lair:3)
  A glowing shapeshifter skeleton (Vaults:4)
  An ogre (Vaults:5)
  A blink frog zombie (Crypt:1)
  A kobold brigand (D:7)
  A bullfrog (Lair:4)
  4 jellies (Lair:4)
  2 hounds (D:6)
  An orc priest (D:10)
  Crazy Yiuf (D:5)
  A sleepcap (D:6)
  2 mummies (Crypt:2)
  8 orcs
  2 kobolds (D:11)
  2 foxfires
314 creatures vanquished.

Vanquished Creatures (others)
  A death cob (Zot:5)
  A draconian annihilator (Zot:3)
  An ogre (Vaults:5)
  A creeping inferno (Geh:1)
  1538 foxfires
  4 tentacles
1546 creatures vanquished.

Grand Total: 4389 creatures vanquished

Notes
Turn   | Place    | Note
-------+----------+-------------------------------------------
     0 | D:1      | MrSquiggles the Tengu Fire Elementalist began the quest for
                  | the Orb.
     0 | D:1      | Reached XP level 1. HP: 10/10 MP: 4/4
   137 | D:1      | Reached XP level 2. HP: 13/15 MP: 1/6
   316 | D:1      | Learned a level 2 spell: Scorch
   627 | D:1      | Reached XP level 3. HP: 19/19 MP: 3/7
  1134 | D:2      | Reached skill level 1 in Air Magic
  1142 | D:2      | Reached XP level 4. HP: 24/24 MP: 1/8
  1284 | D:2      | Reached skill level 1 in Poison Magic
  1325 | D:2      | Learned a level 3 spell: Mephitic Cloud
  1848 | D:2      | Identified the +9 scale mail "Koicvo" {rC+ Will++ Regen+}
  2218 | D:3      | Gained mutation: Your magical nature lets you fly swiftly
                  | and evasively. [Tengu growth]
  2218 | D:3      | Reached XP level 5. HP: 28/28 MP: 6/10
  2351 | D:3      | Noticed an ice beast
  2421 | D:3      | Killed an ice beast
  2662 | D:4      | Reached skill level 3 in Spellcasting
  2662 | D:4      | Reached XP level 6. HP: 32/32 MP: 6/11
  2662 | D:4      | Found a staircase to the Ecumenical Temple.
  2776 | Temple   | Entered the Ecumenical Temple
  2883 | D:3      | Reached skill level 5 in Conjurations
  3345 | D:4      | Found Zoferrocuh's General Store.
  3352 | D:4      | Bought a +0 cloak for 63 gold pieces
  3482 | D:4      | Reached XP level 7. HP: 36/36 MP: 7/13
  3644 | D:5      | Entered Level 5 of the Dungeon
  4310 | D:5      | You are sucked into a shaft and drop 1 floor!
  4332 | D:6      | Noticed Grinder
  4585 | D:5      | Reached XP level 8. HP: 41/41 MP: 10/14
  4746 | D:5      | Found a broken altar of Ashenzari.
  4958 | D:5      | Reached skill level 4 in Spellcasting
  5062 | D:5      | Found a runed translucent door.
  5062 | D:5      | Noticed Crazy Yiuf
  5389 | D:7      | Found a shimmering altar of Xom.
  5389 | D:7      | Found a blossoming altar of Fedhas.
  5389 | D:7      | Found a burning altar of Makhleb.
  5412 | D:7      | Found a glowing golden altar of the Shining One.
  5420 | D:7      | Found a shadowy altar of Dithmenos.
  5420 | D:7      | Found a glowing silver altar of Zin.
  5426 | D:7      | Found a hazy altar of Hepliaklqana.
  5440 | D:7      | Noticed a wyvern
  5466 | D:7      | Killed a wyvern
  5467 | D:7      | Reached skill level 5 in Air Magic
  5693 | D:7      | Found a sand-covered staircase.
  5706 | Ossuary  | Entered an ossuary
  6311 | Ossuary  | Learned a level 3 spell: Swiftness
  6316 | Ossuary  | Learned a level 4 spell: Flame Wave
  6323 | Ossuary  | Learned a level 2 spell: Poisonous Vapours
  6703 | D:7      | Noticed Duvessa
  6773 | D:7      | Noticed Joseph
  6788 | D:7      | Killed Joseph
  6789 | D:7      | Reached skill level 5 in Spellcasting
  6789 | D:7      | Reached XP level 9. HP: 35/45 MP: 10/17
  7560 | D:8      | Noticed Erica
  7575 | D:8      | Killed Erica
  7578 | D:8      | Reached skill level 5 in Shields
  7578 | D:8      | Reached skill level 6 in Spellcasting
  7578 | D:8      | Reached skill level 10 in Conjurations
  7732 | D:7      | Noticed Dowan
  8116 | D:8      | Noticed a two-headed ogre
  8140 | D:8      | Killed a two-headed ogre
  8141 | D:8      | Reached skill level 8 in Spellcasting
  8141 | D:8      | Reached XP level 10. HP: 50/50 MP: 12/23
  8382 | D:8      | Found a shimmering blue altar of Sif Muna.
  8416 | D:8      | Got Sif Muna's Quarto of the Stinger
  8418 | D:8      | Became a worshipper of Sif Muna the Loreminder
  8542 | D:8      | Found a bloodstained altar of Trog.
  8758 | D:8      | Noticed Prince Ribbit
  8763 | D:8      | Killed Prince Ribbit
  9191 | D:9      | Reached skill level 9 in Spellcasting
  9330 | D:9      | Noticed Maurice
  9339 | D:9      | Killed Maurice
  9424 | D:9      | Found a flagged portal.
  9448 | Bailey   | Entered a bailey
  9466 | Bailey   | Learned a level 4 spell: Olgreb's Toxic Radiance
  9580 | Bailey   | Reached skill level 5 in Poison Magic
  9607 | Bailey   | Reached * piety under Sif Muna
  9744 | Bailey   | Noticed an orc knight
  9764 | Bailey   | Killed an orc knight
  9820 | Bailey   | Reached XP level 11. HP: 24/54 MP: 25/25
  9965 | Bailey   | Noticed an orc knight
 10063 | Bailey   | Killed an orc knight
 10064 | Bailey   | Reached skill level 1 in Fighting
 10064 | Bailey   | Reached skill level 1 in Invocations
 10136 | Bailey   | Reached skill level 10 in Spellcasting
 10160 | Bailey   | Noticed an orc knight
 10202 | Bailey   | Killed an orc knight
 10258 | Bailey   | Reached ** piety under Sif Muna
 10288 | Bailey   | Noticed an orc warlord
 10362 | Bailey   | Killed an orc warlord
 10363 | Bailey   | Reached skill level 5 in Dodging
 10522 | Bailey   | Got the Compendium of the Fault and Support
 10527 | Bailey   | Learned a level 3 spell: Stone Arrow
 10530 | Bailey   | Learned a level 2 spell: Call Imp
 10533 | Bailey   | Learned a level 2 spell: Passwall
 10533 | Bailey   | Reached XP level 12. HP: 64/64 MP: 27/27
 10842 | D:9      | Reached *** piety under Sif Muna
 11305 | D:10     | Entered Level 10 of the Dungeon
 11470 | D:10     | Reached skill level 5 in Fighting
 11935 | D:10     | Found a staircase to the Lair.
 12198 | Lair:1   | Entered Level 1 of the Lair of Beasts
 12704 | Lair:2   | Reached XP level 13. HP: 76/76 MP: 28/28
 12716 | Lair:2   | Noticed Harold
 12821 | Lair:2   | Found a broken altar of Ashenzari.
 12982 | Lair:2   | Identified the +3 leather armour of Serendipity {rF+ Int+3}
 13022 | Lair:2   | Reached skill level 1 in Summonings
 13212 | Lair:2   | Reached skill level 1 in Armour
 13620 | Lair:3   | Reached **** piety under Sif Muna
 14042 | Lair:3   | Learned a level 3 spell: Call Canine Familiar
 14331 | Lair:3   | Reached skill level 5 in Summonings
 14492 | Lair:3   | Found a hole to the Spider Nest.
 14501 | Spider:1 | Entered Level 1 of the Spider Nest
 15096 | D:7      | Killed Dowan
 15101 | D:7      | Killed Duvessa
 16623 | D:5      | Killed Crazy Yiuf
 16853 | D:10     | Found Fugaum's Mayhem Merchandise.
 16917 | D:10     | Bought a book of Fire for 448 gold pieces
 17497 | Lair:1   | Reached ***** piety under Sif Muna
 18038 | Lair:1   | Received a gift from Sif Muna
 18041 | Lair:1   | Got Sif Muna's Almanac of Fateful Power {god gift}
 18160 | Lair:1   | Reached skill level 5 in Armour
 18278 | Lair:1   | Identified a scroll of acquirement
 18715 | Lair:2   | Reached skill level 5 in Fire Magic
 19265 | Lair:3   | Noticed Sonja
 19270 | Lair:3   | Reached XP level 14. HP: 84/84 MP: 29/29
 19274 | Lair:3   | Killed Sonja
 19543 | Lair:3   | Found a staircase to the Shoals.
 19806 | Lair:4   | Learned a level 5 spell: Arcjolt
 20523 | Lair:4   | Found a staircase to the Slime Pits.
 20561 | Lair:4   | Found a viscous altar of Jiyva.
 20848 | Lair:5   | Entered Level 5 of the Lair of Beasts
 21851 | Lair:5   | Noticed a dire elephant
 21851 | Lair:5   | Noticed a dire elephant
 21851 | Lair:5   | Noticed a dire elephant
 21851 | Lair:5   | Noticed a dire elephant
 22064 | Lair:5   | Reached skill level 10 in Air Magic
 23435 | Lair:5   | Killed a dire elephant
 23463 | Lair:5   | Killed a dire elephant
 23539 | Lair:5   | Killed a dire elephant
 23636 | Lair:5   | Killed a dire elephant
 24521 | D:11     | Identified the +1 chain mail of Istreptip {rC+ Regen+}
 24998 | D:11     | Found a staircase to the Orcish Mines.
 25013 | D:11     | Received a gift from Sif Muna
 25198 | D:11     | Reached XP level 15. HP: 80/88 MP: 30/30
 25764 | D:11     | Learned a level 3 spell: Ignite Poison
 25765 | Orc:1    | Entered Level 1 of the Orcish Mines
 26150 | Orc:2    | Entered Level 2 of the Orcish Mines
 26221 | Orc:2    | Reached skill level 10 in Fire Magic
 26227 | Orc:2    | Paralysed by an ogre mage for 5 turns
 26228 | Orc:2    | Reached skill level 10 in Invocations
 26687 | Orc:1    | Upgraded the game from 0.31-a0-441-g867994ef1c to
                  | 0.31-a0-455-g1a7b003ef0
 26902 | Orc:2    | Received a gift from Sif Muna
 26905 | Orc:2    | Got Sif Muna's Vellum of Topological Outbursts {god gift}
 26922 | Orc:1    | Learned a level 6 spell: Plasma Beam
 26978 | Orc:2    | Noticed Josephine
 26987 | Orc:2    | Killed Josephine
 27070 | Orc:2    | Noticed Snorg
 27075 | Orc:2    | Killed Snorg
 27319 | Orc:2    | Found a staircase to the Elven Halls.
 27808 | Orc:2    | Found Mufel's Assorted Antiques.
 27808 | Orc:2    | Found Mantoire's Antique Weapon Emporium.
 27809 | Orc:2    | Found Taheph's Jewellery Emporium.
 27809 | Orc:2    | Found Erengaq's Antique Weapon Boutique.
 27820 | Orc:2    | Bought a potion of heal wounds for 190 gold pieces
 28682 | D:12     | Noticed LeprechaunX's ghost (journeyman OpSh)
 29125 | D:12     | Received a gift from Sif Muna
 29456 | D:12     | Found a transporter.
 29459 | D:12     | Found the +5 robe of Misfortune {Harm *Corrode *Slow EV+5}
 29475 | D:12     | Found a transporter.
 30099 | D:13     | Noticed a tengu reaver
 30099 | D:13     | Noticed bahustanut's ghost (journeyman DsSh)
 30103 | D:13     | Found a transporter.
 30111 | D:13     | Found a transporter.
 30133 | D:13     | Found Rigesoaz's Armour Emporium.
 30199 | D:13     | Found Joja's Book Shop.
 30265 | D:13     | Upgraded the game from 0.31-a0-455-g1a7b003ef0 to
                  | 0.31-a0-466-g98c9adc2b6
 30406 | D:13     | Found Ejeciacs's Antique Weapon Shoppe.
 30454 | D:13     | Found Yhugif's Weapon Emporium.
 30939 | D:13     | Bought a manual of Shields for 1040 gold pieces
 30974 | D:14     | Reached XP level 16. HP: 84/93 MP: 28/31
 31425 | D:14     | Noticed Rupert
 31425 | D:14     | Noticed Lodul
 31435 | D:14     | Killed Lodul
 31437 | D:14     | Killed Rupert
 32816 | D:14     | Found a gate to the Vaults.
 32841 | D:14     | Acquired 772 gold pieces
 32919 | D:15     | Entered Level 15 of the Dungeon
 32930 | D:15     | Found a staircase to the Depths.
 33011 | D:15     | Noticed Nessos
 33230 | D:15     | Killed Nessos
 33435 | D:15     | Found a frozen archway.
 33552 | IceCv    | Entered an ice cave
 34433 | D:15     | Received a gift from Sif Muna
 34437 | D:15     | Got Sif Muna's Encyclopedia of the Unicorn {god gift}
 34772 | D:15     | Found an ornate altar of the Wu Jian Council.
 35043 | D:13     | Bought a +2 pair of gloves of hurling for 365 gold pieces
 35237 | Shoals:1 | Entered Level 1 of the Shoals
 36738 | Shoals:2 | Found Emapp's Armour Shoppe.
 36809 | Shoals:2 | Reached skill level 10 in Fighting
 37299 | Shoals:2 | Reached XP level 17. HP: 91/102 MP: 22/32
 37376 | Shoals:2 | Reached skill level 10 in Dodging
 37700 | Shoals:2 | Reached skill level 10 in Shields
 38743 | Shoals:2 | Upgraded the game from 0.31-a0-466-g98c9adc2b6 to
                  | 0.31-a0-496-g6f97920a28
 39115 | Shoals:3 | Noticed a kraken
 39123 | Shoals:3 | Killed a kraken
 40739 | Shoals:3 | Received a gift from Sif Muna
 40748 | Shoals:3 | Got Sif Muna's Enchiridion on Malediction and Ouranomancy
                  | {god gift}
 40955 | Shoals:4 | Entered Level 4 of the Shoals
 41049 | Shoals:4 | Identified the +7 short sword of Peril {holy, Int+2}
 41861 | Shoals:4 | Identified the +0 buckler of the Ikuchi {rF+}
 41871 | Shoals:4 | Identified the +6 dagger "Ennaete" {heavy, rCorr}
 43413 | Shoals:4 | Got a barnacled rune of Zot
 44202 | Spider:1 | Reached XP level 18. HP: 112/112 MP: 32/33
 44450 | Spider:1 | Received a gift from Sif Muna
 44453 | Spider:1 | Got Sif Muna's Tome of Ghastly Ensorcelling {god gift}
 44830 | Orc:2    | Bought a ring of see invisible for 270 gold pieces
 44921 | D:13     | Bought the +5 Storm Queen's Shield {shock, Fly rElec} for
                  | 775 gold pieces
 44921 | D:13     | Found the +5 Storm Queen's Shield {shock, Fly rElec}
 45816 | Spider:1 | You are sucked into a shaft and drop 1 floor!
 45816 | Spider:2 | Found a transporter.
 45816 | Spider:2 | Found a transporter.
 45821 | Spider:2 | Paralysed by a jorogumo for 2 turns
 46076 | Spider:2 | Reached skill level 15 in Air Magic
 46735 | Spider:2 | Reached skill level 15 in Shields
 47423 | Spider:2 | Identified the +8 spear "Pezin" {heavy, rPois rF+++ rCorr
                  | Str-4}
 48488 | Spider:3 | Noticed Mlioglotl
 48492 | Spider:3 | Killed Mlioglotl
 48492 | Spider:3 | Noticed Arachne
 48699 | Spider:3 | Received a gift from Sif Muna
 48700 | Spider:3 | Got Zawoqi's Meditations on Bolts {god gift}
 48710 | Spider:2 | Learned a level 4 spell: Iskenderun's Mystic Blast
 48938 | Spider:3 | Killed Arachne
 49462 | Spider:4 | Entered Level 4 of the Spider Nest
 50882 | Spider:4 | Found a transporter.
 51027 | Spider:4 | Noticed Fogaerej's ghost (adept AtBe)
 51054 | Spider:4 | Found a transporter.
 51582 | Spider:4 | Reached XP level 19. HP: 113/116 MP: 26/34
 53131 | Spider:4 | Reached skill level 15 in Conjurations
 53327 | Spider:4 | Identified the +3 pair of boots of Inviolability {rC+ Will+
                  | rCorr Stlth+}
 53378 | Spider:4 | Got a gossamer rune of Zot
 53668 | Elf:1    | Entered Level 1 of the Elven Halls
 53738 | Elf:1    | Paralysed by an air elemental for 1 turns
 55132 | Elf:1    | Reached skill level 11 in Spellcasting
 56602 | Elf:2    | Received a gift from Sif Muna
 56606 | Elf:2    | Got Sif Muna's Annotations on Alteration and the Charnel
                  | House {god gift}
 56655 | Elf:2    | Got Sif Muna's Compendium of the Gathering
 57059 | Elf:2    | Found a runed translucent gate.
 57059 | Elf:2    | Found a runed translucent gate.
 57059 | Elf:2    | Noticed Mayja's ghost (veteran DDBe)
 57111 | Elf:2    | Found a runed translucent gate.
 57143 | Elf:2    | Found a viscous altar of Jiyva.
 57166 | Elf:2    | Found a runed translucent gate.
 57167 | Elf:2    | Found a runed translucent gate.
 57168 | Elf:2    | Found a runed translucent gate.
 57353 | Elf:3    | Entered Level 3 of the Elven Halls
 57584 | Elf:3    | Noticed Louise
 57584 | Elf:3    | Found a radiant altar of Vehumet.
 57591 | Elf:3    | Paralysed by an air elemental for 1 turns
 57593 | Elf:3    | Killed Louise
 57688 | Elf:3    | Paralysed by an air elemental for 1 turns
 57699 | Elf:3    | Reached XP level 20. HP: 122/122 MP: 28/36
 59019 | Elf:3    | Reached skill level 12 in Spellcasting
 59064 | Elf:3    | Identified the ring "Vutu" {MP+9 Str+4}
 59333 | Elf:3    | Identified the ring "Awninec" {rElec rPois Str+4 SInv}
 59577 | Elf:3    | Identified the +1 hand axe of Lust {freeze, Fragile rF-
                  | rCorr MP+9}
 59579 | Elf:3    | Identified the +6 battleaxe of Checkmate {flame, *Noise Fly
                  | Dex+5}
 59579 | Elf:3    | Identified the ring "Gaokiasm" {rC+ Str+3 SInv}
 59581 | Elf:3    | Identified the ring of Neotamix {rPois rN++ Slay+2}
 59583 | Elf:3    | Identified the ring of Exzidope {rPois rCorr}
 59583 | Elf:3    | Identified the +2 falchion "Efessutz" {drain, *Noise rF+++
                  | rC+++ Dex-3}
 60027 | Elf:3    | Identified the staff of the Hungering Oracle {*Slow rElec
                  | rF+++ rN++ Earth}
 60029 | Elf:3    | Identified the +5 shortbow of Capital Punishment {flame,
                  | Contam rElec rF+ Str+2}
 60031 | Elf:3    | Identified the +1 pair of gloves of Happiness {rPois Regen+
                  | Int-3 Dex+3}
 60429 | D:13     | Upgraded the game from 0.31-a0-496-g6f97920a28 to
                  | 0.31-a0-507-gbafd7f5274
 60506 | Vaults:1 | Entered Level 1 of the Vaults
 60843 | Vaults:1 | Noticed Zenata
 60849 | Vaults:1 | Killed Zenata
 61543 | Vaults:1 | Reached XP level 21. HP: 99/127 MP: 3/38
 61836 | Vaults:1 | Received a gift from Sif Muna
 62187 | Vaults:1 | Got Sif Muna's Elucidation of Guile and the Fifth Circle
                  | {god gift}
 63312 | Vaults:1 | Reached skill level 13 in Spellcasting
 63440 | Vaults:1 | Found Ihuit's Jewellery Boutique.
 64013 | Vaults:1 | Found Roomeax's Distillery.
 64299 | Vaults:1 | Found a gateway to a bazaar.
 64331 | Vaults:1 | Reached skill level 14 in Spellcasting
 64842 | Bazaar   | Entered a bazaar
 64856 | Bazaar   | Found Fasy's Magic Scroll Shoppe.
 64872 | Bazaar   | Found Litsici's Armour Shoppe.
 64888 | Bazaar   | Found Ukeg's Antique Armour Shoppe.
 65079 | Vaults:1 | Bought the ring "Heiw" {*Slow rPois Will+ MP+9 Str+3 Int+2}
                  | for 625 gold pieces
 65079 | Vaults:1 | Bought the ring "Doebeut" {Wiz rPois rF+++ Dex-2 Stlth-}
                  | for 1059 gold pieces
 65100 | Vaults:1 | Learned a level 9 spell: Chain Lightning
 65771 | Vaults:2 | Received a gift from Sif Muna
 65776 | Vaults:2 | Got Sif Muna's Monograph on Scintillating Topography {god
                  | gift}
 65893 | Vaults:2 | Reached skill level 15 in Spellcasting
 66890 | Vaults:2 | Reached XP level 22. HP: 132/132 MP: 25/42
 67155 | Vaults:2 | Reached skill level 16 in Spellcasting
 67491 | Vaults:2 | Acquired 621 gold pieces
 67584 | Vaults:1 | Bought a potion of magic for 104 gold pieces
 67584 | Vaults:1 | Bought a potion of magic for 104 gold pieces
 68227 | Vaults:3 | Found a crumbling gateway.
 68258 | Vaults:3 | Upgraded the game from 0.31-a0-507-gbafd7f5274 to
                  | 0.31-a0-521-gc7390f8997
 68259 | Desolati | Entered the Desolation of Salt
 68293 | Desolati | Learned a level 7 spell: Spellforged Servitor
 68383 | Desolati | Received a gift from Sif Muna
 68389 | Desolati | Got Sif Muna's Handbook of Dusty Transmogrification {god
                  | gift}
 69120 | Desolati | Reached skill level 17 in Spellcasting
 69579 | Desolati | Received a gift from Sif Muna
 69642 | Desolati | Identified the +0 leather armour of the Festooned God
                  | {Str+4}
 69754 | Desolati | Identified the ring "Teyn Jar" {rC+ Int+3} (You took it off
                  | a servant of whispers in the Desolation of Salt)
 69762 | Desolati | Got the Omnibus of the Big Fish
 70457 | Vaults:3 | Noticed Mennas
 70895 | Vaults:3 | Found Buneydd's General Store.
 71075 | Vaults:3 | Found a staircase to the Crypt.
 71372 | Vaults:3 | Found a staircase to the Crypt.
 71391 | Vaults:3 | Found Buneydd's General Store.
 72087 | Vaults:4 | Reached XP level 23. HP: 136/136 MP: 32/45
 72493 | Vaults:4 | Received a gift from Sif Muna
 73474 | Vaults:4 | Reached skill level 10 in Summonings
 73838 | Vaults:4 | Reached skill level 18 in Spellcasting
 74826 | D:6      | Killed Grinder
 75380 | Lair:2   | Killed Harold
 76027 | Depths:1 | Entered Level 1 of the Depths
 76151 | Depths:1 | Received a gift from Sif Muna
 76217 | Depths:1 | Found Qaeteax's Weapon Shoppe.
 76250 | Depths:1 | Found a magical portal.
 76255 | WizLab   | Entered Iskenderun's Mystic Tower
 77696 | Depths:1 | Found a one-way gate leading to the halls of Pandemonium.
 77709 | Depths:1 | Reached skill level 15 in Summonings
 77763 | Depths:1 | Received a gift from Sif Muna
 77764 | Depths:1 | Got Sif Muna's Notes on Topology and Glamour {god gift}
 78840 | Depths:1 | Found a white marble altar of Elyvilon.
 78937 | Depths:1 | Got Daddez's Volume of Chilblains and Support
 79115 | Depths:1 | Found a gateway to Hell.
 79278 | Depths:2 | Reached XP level 24. HP: 142/142 MP: 46/46
 79577 | Depths:2 | Found a one-way gate to the infinite horrors of the Abyss.
 79913 | Depths:2 | Identified the +8 dagger "Wuipiss" {heavy, Str+3}
 79921 | Depths:2 | Noticed an ancient lich
 79936 | Depths:2 | Killed an ancient lich
 80769 | Depths:3 | Received a gift from Sif Muna
 80770 | Depths:3 | Got Sif Muna's Last Volume of the Lorekeeper {god gift}
 81549 | Depths:3 | Noticed Frederick
 81551 | Depths:3 | Killed Frederick
 81736 | Depths:3 | Identified the ring of Declelae {Fire rPois Int+5 Stlth-}
 82152 | Depths:4 | Entered Level 4 of the Depths
 82301 | Depths:4 | Identified the +2 pair of gloves of Day {rC+}
 82360 | Depths:4 | Found a one-way gateway to a ziggurat.
 82535 | Depths:4 | Noticed a caustic shrike
 82536 | Depths:4 | Noticed a caustic shrike
 82537 | Depths:4 | Noticed a caustic shrike
 82538 | Depths:4 | Noticed a caustic shrike
 83212 | Depths:4 | Found a gate to the Realm of Zot.
 83363 | Depths:4 | Noticed a caustic shrike
 83365 | Depths:4 | Killed a caustic shrike
 83382 | Depths:4 | Killed a caustic shrike
 83386 | Depths:4 | Killed a caustic shrike
 83386 | Depths:4 | Killed a caustic shrike
 83389 | Depths:4 | Killed a caustic shrike
 83397 | Depths:4 | Noticed a juggernaut
 83415 | Depths:4 | Reached XP level 25. HP: 94/152 MP: 21/46
 83592 | Depths:4 | Reached skill level 15 in Fire Magic
 84299 | Shoals:3 | Learned a level 8 spell: Ignition
 84308 | Shoals:3 | Learned a level 8 spell: Maxwell's Capacitive Coupling
 84657 | Depths:4 | Reached skill level 1 in Necromancy
 84976 | Depths:4 | Killed a juggernaut
 84976 | Depths:4 | Received a gift from Sif Muna
 84977 | Depths:4 | Reached skill level 19 in Spellcasting
 85047 | Depths:4 | Got Sif Muna's Catalogue of Transition and the Crevasse
                  | {god gift}
 85057 | Depths:4 | Reached skill level 5 in Necromancy
 85324 | Depths:4 | Noticed a juggernaut
 85332 | Depths:4 | Killed a juggernaut
 85491 | Depths:4 | Identified the +2 pair of gloves "Xalouh" {Fly}
 85545 | Depths:4 | Found a portal to a secret trove of treasure.
 85821 | Vaults:5 | Entered Level 5 of the Vaults
 85843 | Vaults:5 | Reached skill level 10 in Necromancy
 86098 | Vaults:5 | Noticed a dread lich
 86545 | Vaults:5 | Got a silver rune of Zot
 86558 | Vaults:5 | Identified the +0 plate armour of Thoughtfulness {rF+}
 86708 | Vaults:5 | Killed a dread lich
 86867 | Vaults:5 | Noticed an ancient lich
 86873 | Vaults:5 | Killed an ancient lich
 86886 | Vaults:5 | Reached skill level 15 in Fighting
 87011 | Vaults:5 | Identified the +0 robe "Taekeorph" {rC+ Will+ Int-3}
 87024 | Vaults:5 | Paralysed by a sphinx for 3 turns
 87028 | Vaults:5 | Identified the +5 orcbow "Wuuhuff" {speed, rC+ Will- Str+2
                  | Dex+2}
 87032 | Vaults:5 | Reached XP level 26. HP: 136/161 MP: 16/47
 87040 | Vaults:5 | Identified the ring "Oryvefith" {rPois rC+ Int+6}
 87061 | Vaults:5 | Reached skill level 15 in Necromancy
 87615 | Vaults:5 | Identified the staff of the Sun {rPois rF+ rN+ Necro}
 87829 | Vaults:5 | Noticed Mara
 87831 | Vaults:5 | Noticed MrSquiggles's illusion
 87836 | Vaults:5 | Killed Mara
 87889 | Vaults:5 | Reached skill level 20 in Spellcasting
 87890 | Vaults:5 | Noticed Margery
 87898 | Vaults:5 | Killed Margery
 88253 | Vaults:5 | Identified the +3 spear of the Scorpion {flame, MP-9 Int+3
                  | Dex+7 SInv}
 88295 | Vaults:5 | Found Kerhokawoo's Book Emporium.
 88946 | Slime:1  | Entered Level 1 of the Pits of Slime
 89002 | Slime:2  | Reached ****** piety under Sif Muna
 89774 | Slime:5  | Entered Level 5 of the Pits of Slime
 89998 | Slime:5  | Noticed the Royal Jelly
 90007 | Slime:5  | Killed the Royal Jelly
 90040 | Slime:5  | Identified the amulet "Ompi" {Acrobat rC+ Dex+3 Slay+2}
 90045 | Slime:5  | Identified the +0 leather armour "Uprof" {Slay+3}
 90195 | Slime:5  | Identified the staff of the Beast {rN+ Str-2 Int+2 Dex+7
                  | Necro}
 90200 | Slime:5  | Identified the staff of Turmoil {rF+ rC- Str+4 Dex+4 Fire}
 90231 | Slime:5  | Got a slimy rune of Zot
 90287 | Lair:4   | Learned a level 8 spell: Borgnjor's Revivification
 90541 | D:12     | Killed LeprechaunX's ghost
 90597 | D:12     | Identified the amulet "Ysixinoe" {Acrobat rPois rN+ rCorr}
 90757 | Hell     | Entered the Vestibule of Hell
 90757 | Hell     | Noticed Geryon
 90765 | Hell     | Killed Geryon
 91712 | Hell     | Found a gateway to the decaying netherworld of Tartarus.
 91809 | Hell     | Found a gateway to the ashen valley of Gehenna.
 91888 | Hell     | Found a gateway to the Iron City of Dis.
 92059 | Hell     | Found a gateway to the freezing wastes of Cocytus.
 92112 | Geh:1    | Entered Level 1 of Gehenna
 92128 | Geh:1    | Reached XP level 27. HP: 120/151 MP: 43/48
 92559 | Crypt:1  | Entered Level 1 of the Crypt
 93833 | Crypt:1  | Found a runed door.
 94171 | Crypt:2  | Noticed Khufu
 94175 | Crypt:2  | Killed Khufu
 94182 | Crypt:2  | Noticed a royal mummy
 94676 | Crypt:2  | Killed a royal mummy
 95483 | Crypt:3  | Entered Level 3 of the Crypt
 95884 | Crypt:3  | Identified the scarf "Kaf Ryeq" {rC+ rF+, -Cast Str+7}
 96327 | Crypt:3  | Identified the amulet of Arrival {Will+ Regen+}
 96327 | Crypt:3  | Identified the ring "Qimyaxeun" {rN+ Dex+3}
 96622 | Crypt:3  | Reached skill level 21 in Spellcasting
 96917 | Crypt:3  | Noticed an ancient lich
 96921 | Crypt:3  | Killed an ancient lich
 97320 | Crypt:3  | Noticed a dread lich
 97322 | Crypt:3  | Killed a dread lich
 97372 | Crypt:3  | Found an ancient bone altar of Kikubaaqudgha.
 97403 | Crypt:3  | Noticed an ancient lich
 97408 | Crypt:3  | Killed an ancient lich
 97830 | Crypt:3  | Found a staircase to the Tomb.
 97990 | Crypt:3  | Noticed Vv
 97998 | Crypt:3  | Killed Vv
 98404 | Zot:1    | Entered Level 1 of the Realm of Zot
 98879 | Zot:1    | Noticed Parghit
 98887 | Zot:1    | HP: 8/172 [Parghit/large rock (42)]
 99108 | Zot:1    | Killed Parghit
 99748 | Lair:1   | Learned a level 9 spell: Death's Door
100342 | Zot:2    | Noticed a dread lich
100345 | Zot:2    | Killed a dread lich
102101 | Zot:3    | Found the +4 dragonskin cloak
102101 | Zot:3    | Noticed Tiamat
102105 | Zot:3    | Killed Tiamat
102465 | Zot:3    | Reached skill level 22 in Spellcasting
102686 | Zot:3    | You are sucked into a shaft and drop 1 floor!
103372 | Zot:4    | Identified the +1 arbalest "Doutust" {flame, rC+ rN+}
103700 | Depths:4 | You paid a toll of +4 fire dragon scales to enter a
                  | treasure trove
103701 | Trove    | Entered a treasure trove
103705 | Trove    | Identified the +0 hat of the Wary Jumping Moons {rF++
                  | Regen+}
103707 | Trove    | Identified the +8 ice dragon scales "Moshel" {rF- rC++
                  | Regen+ Str+3}
103711 | Trove    | Identified the +1 pair of gloves "Fetuh" {Int+3}
103713 | Trove    | Identified the +0 leather armour of Zedaxkack {rF+ Will+
                  | Str-3 Int+2}
103718 | Trove    | Identified the +0 pair of gloves "Lesumezy" {rC+ rN+ Int+4}
103720 | Trove    | Identified the +1 ring mail "Enesaun" {rPois rC++ Stlth+}
103722 | Trove    | Identified the +0 buckler of the Armadillo {Drain Will+
                  | Str+2}
103725 | Trove    | Identified the +3 leather armour of Busyth {Int+4 Dex+3}
105113 | Zot:5    | Entered Level 5 of the Realm of Zot
106475 | Zot:5    | Noticed an orb of fire
106481 | Zot:5    | Killed an orb of fire
106619 | Zot:5    | Noticed an orb of fire
106622 | Zot:5    | Killed an orb of fire
106624 | Zot:5    | Noticed a dread lich
106627 | Zot:5    | Killed a dread lich
106772 | Zot:5    | Noticed an orb of fire
106777 | Zot:5    | Killed an orb of fire
106824 | Zot:4    | Learned a level 5 spell: Borgnjor's Vile Clutch
106999 | Zot:5    | Noticed an orb of fire
107004 | Zot:5    | Killed an orb of fire
107149 | Zot:5    | Noticed an orb of fire
107152 | Zot:5    | Gained mutation: Your body sometimes deteriorates upon
                  | taking damage. [an orb of fire]
107154 | Zot:5    | Killed an orb of fire
107559 | Zot:5    | Noticed an orb of fire
107563 | Zot:5    | Killed an orb of fire
107589 | Zot:5    | Reached skill level 23 in Spellcasting
108398 | Zot:5    | Reached skill level 15 in Dodging
109208 | Vaults:1 | Bought 2 potions of brilliance for 104 gold pieces
109208 | Vaults:1 | Bought a potion of heal wounds for 65 gold pieces
109208 | Vaults:1 | Bought a potion of cancellation for 104 gold pieces
109208 | Vaults:1 | Bought a potion of heal wounds for 65 gold pieces
109621 | Zot:5    | Got the Orb of Zot
109926 | Geh:1    | geh
110008 | Depths:4 | Noticed Femnuhodgh the pandemonium lord
110135 | D:11     | Noticed Dinun the pandemonium lord
110137 | D:11     | Killed Dinun the pandemonium lord
110383 | D:$      | Escaped with the Orb!

Illustrated notes

#........≈..####..##
##...)....∩## ##'##
#......##### ##..§#
#..≈≈..## #..≈≈#
#..§#≈..# #.≈###
##.≈§....# #.§#
##......# #.≈##
#####..# ##..≈##
##.. #@..≈§#
#.........§##
.........§≈#
...§#≈.##..# #§§ #≈.
#.≈# #. §.. ..≈# .
§§.# ..≈# ..## .≈≈#


Turn 109926 on Geh:1: geh

Levels and vault maps discovered:
D:1:      sevenhm_arrival_forest_fort_small_5, layout_basic
D:2:      layout_loops_ring
D:3:      layout_rooms, minmay_strange_pillars, solitary_fountain
D:4:      layout_rooms, minmay_temple_entry_glass, serial_shops,
          nicolae_shop_gibbet_a_chance
D:5:      layout_basic, minmay_ruined_shrine, uniq_crazy_yiuf_cottage
D:6:      layout_loops_corners, chequers_serial_rivers_micro_d,
          grunt_decor_clamped, uniq_grinder
D:7:      layout_loops_ring, minitemple, lightli_ossuary_entry_decrepit_ruins,
          minmay_holes, uniq_duvessa, uniq_joseph
D:8:      layout_loops_ring, nzn_overflow_gifts_of_might_and_magic,
          uniq_prince_ribbit1, uniq_erica
D:9:      layout_roguey [special_room_orc], enter_bailey_5, uniq_maurice
D:10:     layout_small_grid, lair_entry_dummy, minmay_shop_mayhem,
          kennysheep_generic_room_5
D:11:     layout_stronghold, hiddenorc2_lemuel, blue_anna_alchemist
D:12:     nicolae_cairo_tiling, layout_basic, gammafunk_ghost_berserking_beasts,
          dreamdust_princess_bridge
D:13:     layout_stronghold, serial_shops, shop, shop, nicolae_shop_crystal,
          kennysheep_little_box, gammafunk_ghost_arena
D:14:     layout_roguey, grunt_vaults_entry_tiered, uniq_lodul, uniq_rupert
D:15:     grunt_enter_depths_magical_seal, layout_cave_pools,
          nicolae_wu_jian_immortal_techniques,
          portal_ice_cave_entry_ice_statue_two, uniq_nessos
Temple:   dshaligram_water_room_temple
Lair:1:   layout_cave_pods, grunt_forest_small_clearings, st_stairs_11,
          lemuel_fruit_tree
Lair:2:   layout_cave_pods, basic_altar, nicolae_quartered_pool_super,
          uniq_harold
Lair:3:   layout_long_grid, elwin_shoals_entry_rooms, dummy_spider_entry,
          serial_bayou, serial_bayou_pond_d, serial_bayou_ford_a,
          serial_bayou_lake_a, serial_bayou_crossing, uniq_sonja
Lair:4:   layout_regular_city, nicolae_slime_entry_field_trip
Lair:5:   due_jungle_book, layout_regular_city
Shoals:1: layout_shoals, nicolae_shoals_water_elemental_grotto
Shoals:2: layout_shoals, serial_shops, nicolae_shop_statue_plus,
          nicolae_shoals_shepherds
Shoals:3: layout_shoals, nicolae_shoals_elemental_ambush
Shoals:4: shoals_end_grunt_ice, layout_shoals
Spider:1: layout_spider_delve
Spider:2: gammafunk_sealed_arena
Spider:3: layout_spider_delve, uniq_mlioglotl, uniq_arachne
Spider:4: spider_rune_water, gammafunk_ghost_mausoleum
Slime:1:  layout_caves
Slime:2:  layout_caves
Slime:3:  layout_caves
Slime:4:  layout_caves
Slime:5:  slime_pit_nicolae_jellycorners
Orc:1:    layout_caves
Orc:2:    st_orc_ogre_mass, layout_diamond_mine, uniq_josephine, uniq_snorg
Elf:1:    elf_arrival_002, layout_gridlike, special_room
          [special_room_mythical_zoo], hangedman_elf_disciples,
          nicolae_concentric_dashed_squares_wild
Elf:2:    elven_hall_of_blades_hangedman_original
          [nicolae_blade_entry_diamond_columns], layout_gridlike,
          gammafunk_ghost_ooze, small_chamber_with_monster,
          minmay_elf_demonology
Elf:3:    elf_hall, layout_loops_cross, basic_altar, uniq_louise
Vaults:1: v_misc_10, ontoclasm_vaults_hangar, ontoclasm_vaults_spin,
          nicolae_vaults_heist, nicolae_vaults_trapezoid_layered, v_pattern_3,
          nicolae_vaults_prndl, dpeg_vaults_monster_box, v_misc_2,
          nicolae_vaults_disappearing_quadrants, nicolae_vaults_little_ls,
          v_misc_25, layout_vaults_omnibox, serial_shops, bzr_entry_safe,
          nicolae_shop_industrial_runoff, shop, uniq_zenata
Vaults:2: nicolae_vaults_storage_room_statues, nicolae_vaults_storage_closets_2,
          v_misc_27, nicolae_vaults_diamond_2, ontoclasm_vaults_pinch,
          v_misc_29, vaults_room_hangedman_quadrants,
          nicolae_vaults_trapezoid_3, ontoclasm_vaults_eye, v_misc_24,
          layout_vaults_big_room
Vaults:3: portal_desolation_entry_nicolae_slug, nicolae_vaults_little_squares_5,
          nicolae_vaults_hallways_thing, v_rooms_1,
          minmay_crypt_entry_nasty_monster, v_misc_9, v_misc_28,
          ontoclasm_vaults_ring_large, ontoclasm_vaults_shuriken,
          hangedman_vaults_stretched_pinwheel, nicolae_vaults_diamond_2,
          st_squares, v_misc_23, dpeg_vaults_monster_row,
          nicolae_vaults_little_squares_4, layout_vaults_maze_bifur,
          serial_shops, shop, uniq_mennas
Vaults:4: ontoclasm_vaults_idyll, nicolae_vaults_heart-shaped_vault,
          nicolae_vaults_specimen_jars, ontoclasm_vaults_ring_square,
          ontoclasm_vaults_hangar, grunt_vaults_hallway_long,
          nicolae_vaults_turnstiles, vaults_dpeg_doors,
          nicolae_vaults_trapezoid_2, ontoclasm_vaults_chip,
          layout_vaults_omnigrid
Vaults:5: serial_shops, uniq_mara, uniq_margery
Crypt:1:  evilmike_wizard_prison, layout_gridlike
Crypt:2:  layout_gridlike, uniq_khufu
Crypt:3:  quadcrypt_mu, uniq_vv
Depths:1: layout_forbidden_donut, grunt_hell_entry_dis_old, mu_enter_wizlab_2,
          elyvilon_altar_5, pan_entry, grunt_ministairs_4,
          nicolae_take_the_stairs, hangedman_decor_opposing,
          nicolae_lava_and_water, laboratory
Depths:2: cheibrodos_cascadia, layout_cave_shapes, roderic_cross_of_infinity,
          grunt_hell_horde, abyss_entry, pan_entry, serial_bayou_shore_a,
          serial_bayou_shore_b, minmay_staircase_windowed_small,
          grunt_megastairs_3
Depths:3: abrahamwl_protected_by_tso_1, layout_cave_pools, hell_entry,
          minmay_misc_feat_cross, abyss_entry,
          minmay_staircase_statues_hall_small, uniq_frederick
Depths:4: grunt_zot_entry_alcove, layout_twisted_cross, enter_ziggurat_d,
          serial_sigils, serial_sigils_hangedman_writhe,
          serial_sigils_hangedman_snap, serial_sigils_hangedman_confine,
          serial_sigils_hangedman_snap, serial_sigils_hangedman_scar,
          nicolae_trove_entry_columns, pf_hell_entry_tar_spiral,
          minmay_evil_grid
Hell
Geh:1:    layout_gehenna_lava_caves
Zot:1:    layout_twisted_circle, uniq_parghit
Zot:2:    ebering_klown_carousel, layout_onion_interference
Zot:3:    nicolae_moth_party, layout_twisted_circle, grunt_megastairs_2,
          uniq_tiamat
Zot:4:    layout_gridlike
Zot:5:    layout_misc_corridors

Skill      XL: |  1  2  3  4  5  6  7  8  9 10 11 12 13 14 15 16 17 18 19 20 21 22 23 24 25 26 27 |
---------------+----------------------------------------------------------------------------------+-----
Conjurations   | 2 3 4 5 7 9 10 11 14 17 20 21 22 | 22.0
Air Magic      | 1 2 3 4 5 7 11 14 17 18 20 21 22 | 22.0
Poison Magic   | 1 2 6 7 |  7.6
Stealth        | 3 4 |  4.5
Spellcasting   | 3 5 8 9 10 11 12 15 17 18 19 20 23 | 23.2
Dodging        | 3 5 7 9 12 15 | 15.9
Shields        | 2 5 9 14 15 | 15.0
Fighting       | 2 7 8 10 12 13 15 16 22 | 22.5
Invocations    | 8 9 11 | 11.2
Summonings     | 6 7 16 | 16.0
Armour         | 5 6 8 9 |  9.0
Fire Magic     | 5 9 10 11 14 15 | 15.0
Necromancy     | 14 18 21 | 21.0

Action                     |  1- 3 |  4- 6 |  7- 9 | 10-12 | 13-15 | 16-18 | 19-21 | 22-24 | 25-27 || total
---------------------------+-------+-------+-------+-------+-------+-------+-------+-------+-------++-------
  Melee: Dagger            |     3 |     1 |       |       |       |       |       |       |       ||     4
         Punch             |     1 |       |       |       |       |       |       |       |       ||     1
         Quarterstaff      |       |       |    12 |       |       |       |       |       |       ||    12
         Peck              |       |       |     2 |     3 |     5 |     6 |     1 |     8 |     4 ||    29
         Kick              |       |       |     2 |     4 |    15 |     8 |       |    12 |     7 ||    48
         Trident           |       |       |       |     9 |    51 |     5 |       |       |       ||    65
         Staff             |       |       |       |       |       |     8 |     6 |    27 |     7 ||    48
  Throw: Dart              |       |     3 |       |       |       |       |       |       |       ||     3
   Cast: Foxfire           |    47 |    95 |   241 |   220 |   294 |    11 |     1 |       |       ||   909
         Scorch            |     3 |    16 |    61 |   100 |   256 |       |       |       |       ||   436
         Mephitic Cloud    |       |     3 |     4 |    21 |    36 |       |       |       |       ||    64
         Poisonous Vapours |       |       |     4 |    13 |    50 |       |       |       |       ||    67
         Flame Wave        |       |       |     1 |     8 |     6 |       |       |       |       ||    15
         Olgreb's Toxic Ra |       |       |       |    40 |   110 |    85 |    19 |     2 |       ||   256
         Stone Arrow       |       |       |       |     6 |    33 |       |    47 |    12 |       ||    98
         Call Imp          |       |       |       |     1 |    74 |       |     2 |     1 |       ||    78
         Call Canine Famil |       |       |       |       |    76 |       |    11 |     2 |       ||    89
         Passwall          |       |       |       |       |     1 |       |       |       |       ||     1
         Arcjolt           |       |       |       |       |    13 |    13 |    27 |     9 |       ||    62
         Plasma Beam       |       |       |       |       |    91 |   509 |   541 |   530 |   651 ||  2322
         Ignite Poison     |       |       |       |       |    48 |   137 |    37 |     3 |       ||   225
         Swiftness         |       |       |       |       |       |     1 |     1 |       |       ||     2
         Chain Lightning   |       |       |       |       |       |     1 |     1 |    19 |    66 ||    87
         Iskenderun's Myst |       |       |       |       |       |       |     6 |       |       ||     6
         Spellforged Servi |       |       |       |       |       |       |       |   103 |   191 ||   294
         Ignition          |       |       |       |       |       |       |       |       |    27 ||    27
         Maxwell's Capacit |       |       |       |       |       |       |       |       |    26 ||    26
         Shatter           |       |       |       |       |       |       |       |       |     2 ||     2
         Borgnjor's Revivi |       |       |       |       |       |       |       |       |     1 ||     1
 Invoke: Forget Spell      |       |       |       |       |     3 |       |       |       |     1 ||     4
         Channel Magic     |       |       |       |       |       |     5 |     8 |    10 |    17 ||    40
         Divine Exegesis   |       |       |       |       |       |     1 |     1 |       |     2 ||     4
  Evoke: Wand              |       |       |       |     2 |    21 |     7 |     5 |     1 |    11 ||    47
         Lightning rod     |       |       |       |       |       |     2 |    10 |       |       ||    12
         Phial of floods   |       |       |       |       |       |     1 |     1 |       |       ||     2
         Box of beasts     |       |       |       |       |       |     1 |     1 |     1 |     1 ||     4
         Tin of tremorston |       |       |       |       |       |       |     4 |       |       ||     4
    Use: Potion            |       |     2 |     2 |     4 |     3 |     6 |     3 |     2 |    16 ||    38
         Scroll            |       |     1 |    13 |     4 |    13 |    12 |     2 |     8 |    17 ||    70
   Stab: Confused          |       |       |     1 |       |       |       |       |       |       ||     1
         Distracted        |       |       |       |       |       |       |       |     1 |       ||     1
 Armour: Robe              |     2 |       |    12 |     8 |     2 |       |       |     7 |    45 ||    76
         Leather armour    |       |       |       |       |    51 |    53 |    29 |    23 |       ||   156
  Dodge: Dodged            |    13 |    13 |    37 |    69 |   218 |   152 |    97 |   116 |   157 ||   872
  Block: Buckler           |       |       |     1 |    21 |    62 |    49 |    42 |    76 |    94 ||   345
         Kite shield       |       |       |       |       |       |    60 |    70 |       |       ||   130

Table legend: (Time is in decaauts)
 A = Elapsed time spent in this place.
 B = Non-inter-level travel time spent in this place.
 C = Inter-level travel time spent in this place.
 D = Time resting spent in this place.
 E = Time spent auto-exploring this place.
 F = Levels seen in this place.
 G = Mean time per level.
                   A        B        C        D        E       F      G
               +--------+--------+--------+--------+--------+-----+--------+
         Total | 105368 |  94299 |  11069 |  37971 |  34389 |  65 | 1621.0 |
       Dungeon |  23362 |  19438 |   3924 |   5179 |   9454 |  15 | 1557.5 |
        Temple |      1 |      1 |      0 |      0 |      0 |   1 |    1.0 |
          Lair |  10077 |   8576 |   1501 |   3027 |   3051 |   5 | 2015.4 |
        Shoals |   8291 |   7842 |    449 |   3903 |   1894 |   4 | 2072.8 |
   Spider Nest |   9479 |   8802 |    677 |   5152 |   2359 |   4 | 2369.8 |
    Slime Pits |   1377 |   1319 |     58 |    963 |      0 |   5 |  275.4 |
  Orcish Mines |   2743 |   2496 |    247 |   1033 |   1000 |   2 | 1371.5 |
   Elven Halls |   6327 |   5996 |    331 |   2999 |   1953 |   3 | 2109.0 |
        Vaults |  14023 |  12861 |   1162 |   5452 |   5000 |   5 | 2804.6 |
         Crypt |   5341 |   5117 |    224 |   1839 |   2321 |   3 | 1780.3 |
        Depths |   7882 |   6625 |   1257 |   2494 |   2720 |   4 | 1970.5 |
          Hell |    871 |    814 |     57 |    338 |    332 |   1 |  871.0 |
       Gehenna |    273 |    246 |     27 |    169 |      0 |   1 |  273.0 |
           Zot |   9418 |   8270 |   1148 |   3603 |   2640 |   5 | 1883.6 |
        Bazaar |    145 |    145 |      0 |      0 |     59 |   1 |  145.0 |
         Trove |     40 |     40 |      0 |      0 |      0 |   1 |   40.0 |
       Ossuary |    828 |    828 |      0 |    362 |     39 |   1 |  828.0 |
        Bailey |   1055 |   1055 |      0 |    227 |    178 |   1 | 1055.0 |
      Ice Cave |    798 |    798 |      0 |    403 |     77 |   1 |  798.0 |
        Wizlab |   1385 |   1385 |      0 |    772 |    237 |   1 | 1385.0 |
    Desolation |   1643 |   1643 |      0 |     53 |   1068 |   1 | 1643.0 |
               +--------+--------+--------+--------+--------+-----+--------+

Top non-repeatable levels by time:
Vaults:1: 4367 daAuts
    D:14: 3364 daAuts
  Lair:5: 3281 daAuts
   Zot:5: 3184 daAuts
Shoals:3: 2938 daAuts
Spider:4: 2926 daAuts
Depths:4: 2744 daAuts
Vaults:2: 2637 daAuts
 Crypt:3: 2504 daAuts
Spider:1: 2417 daAuts
Vaults:4: 2401 daAuts
Spider:2: 2395 daAuts
Vaults:3: 2389 daAuts
  Lair:3: 2266 daAuts
   Elf:3: 2258 daAuts
